 Dungeon Crawl Stone Soup version 0.22-a0-247-gbddf880 (webtiles) character file.

30 Borgoz the Skirmisher (level 3, -1/33 HPs)
             Began as a Hill Orc Abyssal Knight on Feb 24, 2018.
             Was a Follower of Lugonu.
             Slain by a worm (4 damage)
             ... on level 2 of the Dungeon.
             The game lasted 00:01:30 (906 turns).

Borgoz the Skirmisher (Hill Orc Abyssal Knight)      Turns: 906, Time: 00:01:31

Health: -1/33      AC:  5    Str: 14    XL:     3   Next: 20%
Magic:  5/5        EV: 10    Int: 12    God:    Lugonu [*.....]
Gold:   57         SH:  0    Dex: 11    Spells: 2/2 levels left

rFire    . . .     SeeInvis .   a - +1 hand axe
rCold    . . .     Gourm    .   (no shield)
rNeg     . . .     Faith    .   f - +0 ring mail (curse)
rPois    .         Spirit   .   (no helmet)
rElec    .         Reflect  .   (no cloak)
rCorr    .         Harm     .   (no gloves)
MR       .....                  (no boots)
Stlth    +.........             (no amulet)
HPRegen  0.11/turn              (no ring)
MPRegen  0.09/turn              (no ring)

@: no status effects
A: no striking features
a: Depart the Abyss, Renounce Religion


You were on level 2 of the Dungeon.
You worshipped Lugonu.
Lugonu was aware of your devotion.
You were not hungry.

You visited 1 branch of the dungeon, and saw 2 of its levels.
You visited the Abyss 1 time.

You collected 57 gold pieces.

Inventory:

Hand Weapons
 a - a +1 hand axe (weapon)
Armour
 f - a cursed +0 ring mail (worn)
Scrolls
 b - a scroll of fear {unknown}
 d - 2 scrolls of identify {unknown}
Potions
 e - a potion of magic {unknown}
Comestibles
 c - 3 rations


   Skills:
 + Level 4.0 Fighting
 + Level 3.2 Axes
 + Level 2.6 Armour
 + Level 1.2 Dodging
 + Level 3.0 Invocations


You had 2 spell levels left.
You didn't know any spells.

Dungeon Overview and Level Annotations

Branches:
Dungeon (2/15)

Altars:


Message History

You are too injured to fight recklessly!
You are too injured to fight recklessly!
You are too injured to fight recklessly!
You hit the worm.
The worm is heavily wounded.
The worm closely misses you.
You barely miss the worm.
The worm is moderately wounded.
You barely miss the worm.
The worm is moderately wounded.
The worm bites you!
* * * LOW HITPOINT WARNING * * *
You hit the worm.
The worm is heavily wounded.
The worm bites you.
* * * LOW HITPOINT WARNING * * *
You hit the worm.
The worm is heavily wounded.
The worm bites you.
You die...

.. .# ...
######.#####
##..#...<.......
#...#..........#
#........#####
##.......#
####.......#
.>.....r...#
####...@...#
##..w...#
#......#
###.#### #.# ...
... ...


You could see a worm and a rat.

Vanquished Creatures
  An adder (D:2)
  A dart slug (D:1)
  4 goblins (D:1)
  4 hobgoblins (D:1)
  2 kobolds (D:1)
  A bat (D:1)
  A frilled lizard (D:1)
  6 rats
20 creatures vanquished.

Notes
Turn   | Place    | Note
-------+----------+-------------------------------------------
     0 | Abyss:1  | Borgoz the Hill Orc Abyssal Knight began the quest for the Orb.
     0 | Abyss:1  | Reached XP level 1. HP: 19/19 MP: 2/2
    21 | Abyss:1  | Noticed a starcursed mass
    21 | D:1      | Escaped the Abyss
   139 | D:1      | Reached * piety under Lugonu
   162 | D:1      | Reached skill level 1 in Dodging
   162 | D:1      | Reached XP level 2. HP: 18/27 MP: 3/3
   884 | D:2      | Reached skill level 4 in Fighting
   884 | D:2      | Reached XP level 3. HP: 25/33 MP: 5/5
   906 | D:2      | Slain by a worm

Vault maps used:
D:1:      lightli_arrival_statue_moat
D:2:      fedhas_altar_3, nicolae_overflow_crystal_walls,
          chequers_ecumenical_altar_simple_redux, minmay_split_cup_small

Skill      XL: |  1  2 |
---------------+-------+-----
Dodging        | 1 |  1.2
Axes           | 3 |  3.2
Fighting       | 4 |  4.0
Invocations    | 3 |  3.0
Armour         | |  2.6

Action                   || total
-------------------------++-------
Melee: Hand axe          ||    78
Invok: Depart the Abyss  ||     1
Armor: Leather armour    ||     7
       Ring mail         ||    15
Dodge: Dodged            ||    36

Table legend:
 A = Spawn XP
 B = Non-spawn XP
 C = Spawn XP percentage of total XP
 D = Spawn monster count
 E = Non-spawn monster count
 F = Spawn count percentage of total count
 G = Total turns spent on level
                    A         B        C        D         E        F      G
               +---------+---------+-------+---------+---------+-------+---------
         Total |       0 |      44 |   0.0 |       0 |      20 |   0.0 |   906
               +---------+---------+-------+---------+---------+-------+---------
           D:1 |       0 |      30 |   0.0 |       0 |      18 |   0.0 |   854
           D:2 |       0 |      14 |   0.0 |       0 |       2 |   0.0 |    31
               +---------+---------+-------+---------+---------+-------+---------
